 Dungeon Crawl Stone Soup version 0.27-a0-1136-g0b992a5a9d (webtiles) character file.

Game seed: 5874783061145082270

72 Anon1729 the Skirmisher (level 4, -11/37 HPs)
             Began as a Formicid Berserker on May 4, 2021.
             Mangled by a polar bear (18 damage)
             ... created by the rage of Trog
             ... on level 2 of the Dungeon.
             The game lasted 00:06:26 (2958 turns).

Anon1729 the Skirmisher (Formicid Berserker)        Turns: 2958, Time: 00:06:27

Health: -11/37     AC:  3    Str: 21 (23) XL:     4   Next: 48%
Magic:  4/4        EV: 12    Int:  6      God:
Gold:   34         SH:  0    Dex: 10      Spells: 3/3 levels left

rFire    + + .     SeeInvis +   a - +0 falchion
rCold    . . .     Faith    .   (no shield)
rNeg     . . .     Spirit   .   d - +0 leather armour
rPois    +         Reflect  .   (helmet unavailable)
rElec    +         Harm     .   (no cloak)
rCorr    +         Rampage  .   (no gloves)
Will     .....                  (no boots)
Stlth    ..........             (no amulet)
HPRegen  0.12/turn              m - ring of fire
MPRegen  0.09/turn              (no ring)

@: confused, resistant, attractive
A: permanent stasis, dig shafts and tunnels, antennae 3, four strong arms
a: Dig, Shaft Self


You were on level 2 of the Dungeon.
You visited 1 branch of the dungeon, and saw 2 of its levels.

You collected 34 gold pieces.

Inventory:

Hand Weapons
 a - a +0 falchion (weapon)
Missiles
 o - a throwing net
Armour
 b - a +0 animal skin
 d - a +0 leather armour (worn)
Jewellery
 m - a ring of fire (left hand)
Scrolls
 e - 2 scrolls of identify {unknown}
 g - a scroll of holy word {unknown}
 i - a scroll of brand weapon {unknown}
 j - a scroll of blinking {unknown}
 k - a scroll of amnesia {unknown}
 l - a scroll of noise {unknown}
Potions
 f - a potion of resistance


   Skills:
 + Level 3.9 Fighting
 * Level 3.6 Long Blades
 + Level 3.0 Armour
 + Level 2.4 Dodging


You had 3 spell levels left.
You didn't know any spells.
Your spell library contained the following spells:

 Spells                   Type           Power      Damage    Failure   Level
 Sandblast                Erth           0%         2d4       50%         1
 Passwall                 Tmut/Erth      0%         N/A       65%         2
 Stone Arrow              Conj/Erth      0%         3d7       86%         3
 Petrify                  Tmut/Erth      0%         N/A       99%         4
 Lee's Rapid Deconstruct  Erth           0%         3d5*      100%        5


Dungeon Overview and Level Annotations

Branches:
Dungeon (2/15)

Altars:

Annotations:
D:2 exclusion: door


Innate Abilities, Weirdness & Mutations

You cannot be hasted, slowed, berserked, paralysed or teleported.
You can dig through walls and to a lower floor.
You have a pair of large antennae on your head. (SInv)
Your four strong arms can wield two-handed weapons with a shield.


Message History

No target in view!
You see here an adder corpse.
Found 11 bolts.
Trog sends monsters to punish you. The divine experience confuses you!
You are confused. 2 polar bears and 2 black bears come into view.
You see here 11 bolts.
It was a potion of resistance.
You feel protected.
It was a potion of attraction.
You feel attractive to monsters. The polar bear bites you!
The polar bear barely misses you. The polar bear claws you.
The polar bear rages.
It was a potion of magic.
Magic courses through your body. The polar bear closely misses you.
The polar bear misses you. The polar bear closely misses you.
The black bear bites you! The black bear closely misses you.
The black bear completely misses you. The black bear bites you.
The black bear claws you.
* * * LOW HITPOINT WARNING * * *
The black bear closely misses you. The polar bear barely misses you.
The polar bear claws you.
* * * LOW HITPOINT WARNING * * *
The polar bear closely misses you. x2; The polar bear barely misses you.
The polar bear claws you.
* * * LOW HITPOINT WARNING * * *
It was a potion of heal wounds.
You feel much better. The black bear bites you.
The black bear claws you but does no damage. x2
The black bear barely misses you. The black bear claws you. x2
The polar bear misses you.
The polar bear claws you but does no damage.
The polar bear misses you. The polar bear bites you!
The polar bear claws you. x2
* * * LOW HITPOINT WARNING * * *
The black bear completely misses you. The black bear claws you.
* * * LOW HITPOINT WARNING * * *
The black bear barely misses you. The black bear bites you.
* * * LOW HITPOINT WARNING * * *
The black bear barely misses you. The black bear closely misses you.
The polar bear bites you!!
You die...

#.# #........# #.# #.#
#. #####.#### #.# #.#
#.# ##.##### #.#
#.##########...##.## #.#
#................#.###.#
### .##.##.#...........#
#.##.##..#####...#
#h##.###..#......#
#@h.............##
#...hh..######.#####
######### ###


You could see 2 polar bears and 2 black bears.

Vanquished Creatures
  An adder (D:2)
  3 dart slugs
  A ball python (D:1)
  5 bats
  6 endoplasms
  3 giant cockroaches (D:2)
  4 goblins (D:1)
  5 hobgoblins
  5 jackals (D:1)
  5 kobolds
  3 quokkas (D:1)
  3 frilled lizards (D:1)
  3 rats
47 creatures vanquished.

Notes
Turn   | Place    | Note
-------+----------+-------------------------------------------
     0 | D:1      | Anon1729 the Formicid Berserker began the quest for the
                  | Orb.
     0 | D:1      | Reached XP level 1. HP: 18/18 MP: 1/1
     0 | D:1      | Fell from the grace of Trog
    20 | D:1      | Reached XP level 2. HP: 5/24 MP: 2/2
   665 | D:1      | Reached XP level 3. HP: 9/29 MP: 3/3
  1452 | D:1      | Noticed a black bear
  1452 | D:1      | Noticed a polar bear
  1452 | D:1      | Noticed a black bear
  1452 | D:1      | Noticed a black bear
  1454 | D:1      | You fall into a shaft and drop 1 floor!
  1509 | D:2      | Noticed a black bear
  1509 | D:2      | Noticed a black bear
  1509 | D:2      | Noticed a black bear
  1509 | D:2      | Noticed a polar bear
  1668 | D:2      | Reached XP level 4. HP: 32/37 MP: 4/4
  1739 | D:1      | You fall into a shaft and drop 1 floor!
  1864 | D:1      | You fall into a shaft and drop 1 floor!
  2174 | D:1      | You fall into a shaft and drop 1 floor!
  2607 | D:1      | You fall into a shaft and drop 1 floor!
  2955 | D:2      | Noticed a black bear
  2955 | D:2      | Noticed a polar bear
  2955 | D:2      | Noticed a black bear
  2955 | D:2      | Noticed a polar bear
  2958 | D:2      | Mangled by a polar bear

Illustrated notes

Levels and vault maps discovered:
D:1:      giann_forest_graveyard, layout_rooms
D:2:      layout_loops_corners, kennysheep_decorative_pillar, bh_walls_and_bars

Skill      XL: |  1  2  3  4 |
---------------+-------------+-----
Dodging        | 2 |  2.4
Armour         | 3 |  3.0
Fighting       | |  3.9
Long Blades    | |  3.6

Action                   |  1- 3 |  4- 6 || total
-------------------------+-------+-------++-------
Melee: Falchion          |   107 |    41 ||   148
Invok: Renounce Religion |     1 |       ||     1
 Abil: Shaft Self        |     1 |     4 ||     5
  Use: Potion            |       |     4 ||     4
Armor: Animal skin       |     2 |       ||     2
       Leather armour    |    40 |    43 ||    83
Dodge: Dodged            |    95 |   104 ||   199
       Rpst.: Falchion   |    31 |    21 ||    52

Table legend: (Time is in decaauts)
 A = Elapsed time spent in this place.
 B = Non-inter-level travel time spent in this place.
 C = Inter-level travel time spent in this place.
 D = Time resting spent in this place.
 E = Time spent auto-exploring this place.
 F = Levels seen in this place.
 G = Mean time per level.
                   A        B        C        D        E       F      G
               +--------+--------+--------+--------+--------+-----+--------+
         Total |   2983 |   2978 |      5 |   1171 |   1048 |   2 | 1491.5 |
       Dungeon |   2983 |   2978 |      5 |   1171 |   1048 |   2 | 1491.5 |
               +--------+--------+--------+--------+--------+-----+--------+

Top non-repeatable levels by time:
     D:1: 1541 daAuts
     D:2: 1441 daAuts
